 Dungeon Crawl Stone Soup version 0.24-a0-189-g5d897e9104 (webtiles) character file.

Game seed: 13028886302855138499

44 MrRokkomies the Sneak (level 3, 24/24 HPs)
             Began as an Octopode Assassin on Mar 17, 2019.
             Was a Follower of Qazlal.
             Quit the game on level 2 of the Dungeon.
             The game lasted 00:02:53 (1217 turns).

MrRokkomies the Sneak (Octopode Assassin)           Turns: 1217, Time: 00:02:54

Health: 24/24      AC:  1    Str: 10    XL:     3   Next: 62%
Magic:  3/3        EV: 13    Int: 13    God:    Qazlal [*.....]
Gold:   73         SH:  1    Dex: 14    Spells: 2/2 levels left

rFire    . . .     SeeInvis .   a - +2 dagger
rCold    . . .     Gourm    .   (no shield)
rNeg     . . .     Faith    .   (helmet restricted)
rPois    +         Spirit   .   (no amulet)
rElec    .         Reflect  .   i - ring of poison resistance
rCorr    .         Harm     .   (no ring)
MR       .....                  (no ring)
Stlth    ++++......             (no ring)
HPRegen  0.08/turn              (no ring)
MPRegen  0.08/turn              (no ring)
                                (no ring)
                                (no ring)

@: no status effects
A: almost no armour, stealthy swim, amphibious, 8 rings, constrict 8, camouflage
1, gelatinous body 1
a: Renounce Religion


You were on level 2 of the Dungeon.
You worshipped Qazlal.
Qazlal was aware of your devotion.
You were hungry.

You visited 1 branch of the dungeon, and saw 2 of its levels.

You collected 73 gold pieces.

Inventory:

Hand Weapons
 a - a +2 dagger (weapon)
 b - a +0 blowgun
Missiles
 c - 19 poisoned needles
 d - 2 curare-tipped needles
 e - 25 stones (quivered)
Jewellery
 i - a ring of poison resistance (left tentacle)
Scrolls
 l - 2 scrolls of enchant armour {unknown}
 m - a scroll of amnesia {unknown}
 o - a scroll of remove curse {unknown}
Potions
 g - a potion of heal wounds
 h - a potion of haste {unknown}
 j - a potion of degeneration {unknown}
 k - 2 potions of flight {unknown}
 n - 2 potions of curing {unknown}
Comestibles
 f - 2 rations


   Skills:
 - Level 2.0 Fighting
 - Level 2.0 Short Blades
 * Level 2.8 Throwing
 * Level 2.2 Dodging
 + Level 5.7 Stealth


You had 2 spell levels left.
You didn't know any spells.
Your spell library was empty.

Dungeon Overview and Level Annotations

Branches:
Dungeon (2/15)

Altars:
Elyvilon
Qazlal


Innate Abilities, Weirdness & Mutations

You cannot wear most types of armour.
You are very stealthy in the water. (Stealth+)
You are amphibious.
You can wear up to eight rings at the same time.
You can use your tentacles to constrict eight enemies at once.
Your skin changes colour to match your surroundings (Stealth+).
Your rubbery body absorbs attacks. (AC +1, EV +1)


Message History

Found a ring mail.
A frilled lizard comes into view.
You see here a scroll labeled EFOHEF CEL XAU.
o - a scroll labeled EFOHEF CEL XAU
Found a faded altar of an unknown god.
The frilled lizard hisses angrily.
You hit the frilled lizard.
You kill the frilled lizard!
No target in view!
No target in view!
No target in view!
There is a faded altar of an unknown god here.
You cannot tell which god this altar belongs to.
Convert to them anyway?
Okay, then.
You cannot tell which god this altar belongs to.
Convert to them anyway?
Qazlal accepts your prayer! Qazlal welcomes you!
Qazlal grants you and your divine allies immunity to clouds.
You are now surrounded by a storm.
Are you sure you want to abandon this character and quit the game? (Confirm with "yes".)

### .# #..
#############..... #.#
#≈≈≈..≈≈≈≈.≈..##.#####.#
#≈≈.≈.≈≈≈.....##... ..#
#.≈≈≈≈≈≈≈≈≈≈..##.## #.#
#≈.≈≈≈≈≈≈≈≈≈≈≈....# #.#
#≈.≈≈≈≈≈≈≈≈≈......####..
#..≈≈≈≈7.≈≈≈.≈....#.....
#.≈≈≈≈.@.≈≈≈.≈.#........
#≈.≈≈≈≈7.≈≈≈≈≈.####.####
#≈≈≈≈≈≈≈≈≈≈≈≈≈.# #.#
#≈≈≈≈≈≈≈≈≈≈≈≈..# ...
#..≈≈≈≈≈≈≈≈≈≈.........
#.≈.≈≈≈≈≈≈≈≈≈..###....#
#.....≈≈....≈..# ##.#.#
##############.# ....#
.. ....


There were no monsters in sight!

Vanquished Creatures
  An ooze (D:1)
  A worm (D:2)
  3 dart slugs
  A leopard gecko (D:2)
  2 giant cockroaches (D:1)
  A goblin (D:2)
  3 hobgoblins
  3 jackals (D:2)
  4 bats (D:1)
  A frilled lizard (D:2)
  5 kobolds
  7 rats
32 creatures vanquished.

Vanquished Creatures (others)
  A goblin (D:2)
1 creature vanquished.

Grand Total: 33 creatures vanquished

Notes
Turn   | Place    | Note
-------+----------+-------------------------------------------
     0 | D:1      | MrRokkomies the Octopode Assassin began the quest for the
                  | Orb.
     0 | D:1      | Reached XP level 1. HP: 14/14 MP: 1/1
    66 | D:1      | Reached XP level 2. HP: 14/19 MP: 2/2
   795 | D:1      | Reached XP level 3. HP: 24/24 MP: 3/3
   886 | D:2      | Found a white marble altar of Elyvilon.
  1207 | D:2      | Found a faded altar of an unknown god.
  1216 | D:2      | Became a worshipper of Qazlal Stormbringer
  1216 | D:2      | Reached * piety under Qazlal
  1217 | D:2      | Quit the game

Levels and vault maps discovered:
D:1:      dpeg_arrival_long_road, layout_basic
D:2:      layout_loops_ring, lemuel_round_altar, elyvilon_altar_4,
          kennysheep_slug_shrine, chequers_ecumenical_altar_island

Skill      XL: |  1  2  3 |
---------------+----------+-----
Dodging        | 2 |  2.2
Fighting       | |  2.0
Short Blades   | |  2.0
Throwing       | |  2.8
Stealth        | |  5.7

Action                   || total
-------------------------++-------
Melee: Dagger            ||    49
       Constrict         ||    10
       Tentacles         ||     7
  Use: Scroll            ||     3
 Stab: Sleeping          ||    15
Armor: Skin              ||     7
Dodge: Dodged            ||    12

Table legend:
 A = Non-vault XP
 B = Vault XP
 C = Vault XP percentage of total XP
 D = Non-vault monster count
 E = Vault monster count
 F = Vault count percentage of total count
                 A         B        C        D         E       F
            +---------+---------+-------+---------+---------+-------
      Total |      64 |       0 |   0.0 |      32 |       0 |   0.0
            +---------+---------+-------+---------+---------+-------
        D:1 |      34 |       0 |   0.0 |      17 |       0 |   0.0
        D:2 |      30 |       0 |   0.0 |      15 |       0 |   0.0
            +---------+---------+-------+---------+---------+-------
